AoeStats
← 297539664

Arena

510052953Analyzed
4v4 RM · 3d ago on Sep 29, 2026· 44m 51s· 8 players
Game mode
Random Map
Map size
Large (8 player)
Population
200
Speed
Normal
Resources
Standard
Victory
Conquest
Starting age
Dark Age
Ending age
Imperial Age
RankedLock teamsTeams togetherTeam positionsShared explorationLock speedFull tech treeHidden civsTurbo modeCheats
Victory
Defeat
🇨🇳 Ethiopians · China
1367
+10
🇮🇳 Celts · India
1353
+11
🇨🇱 Slavs · Chile
1323
+12
🇨🇳 Dravidians · China
1321
+12
🇮🇱 Khmer · Israel
1341
-15
🇨🇳 Britons · China
1272
-12
🇨🇭 Franks · Switzerland
1216
-11
🇮🇳 Mongols · India
1114
-7
henkeriks
10:42 Feudal Age
14:13 Castle Age
12:33 Double-Bit Axe
20:09 Wheelbarrow
19:25 Loom
23:19 Gold Mining
23:22 Stone Mining
24:57 Bow Saw
28:51 Imperial Age
27:15 Hand Cart
27:29 Town Watch
28:00 Forging
27:55 Scale Barding Armor
29:03 Gold Shaft Mining
29:26 Husbandry
28:58 Cavalier
30:13 Conscription
29:55 Chivalry
30:18 Conscription
30:21 Chain Barding Armor
30:37 Iron Casting
31:40 Fortified Wall
31:11 Treadmill Crane
31:45 Masonry
31:46 Fortified Wall
30:59 Paladin
32:47 Plate Barding Armor
34:49 Blast Furnace
35:29 Hoardings
36:27 Elite Throwing Axeman
37:09 Fletching
37:35 Scale Mail Armor
38:15 Bodkin Arrow
39:22 Chemistry
38:43 Ballistics
38:54 Architecture
39:28 Light Cavalry
41:06 Chain Mail Armor
43:54 Plate Mail Armor
Alex
9:47 Feudal Age
14:19 Castle Age
13:05 Double-Bit Axe
14:14 Loom
17:18 Bow Saw
26:17 Fletching
26:34 Padded Archer Armor
28:30 Bloodlines
32:32 Imperial Age
29:48 Horse Collar
31:55 Ballistics
31:32 Murder Holes
32:18 Bodkin Arrow
33:05 Thumb Ring
34:20 Leather Archer Armor
35:40 Parthian Tactics
35:18 Elite Skirmisher
36:19 Bracer
37:01 Conscription
39:49 Chemistry
45:20 Wheelbarrow
Glorious
11:35 Feudal Age
14:31 Castle Age
12:17 Double-Bit Axe
12:17 Horse Collar
15:37 Bow Saw
15:49 Heavy Plow
19:25 Loom
20:48 Wheelbarrow
23:44 Gold Mining
24:32 Stone Mining
25:43 Gold Shaft Mining
25:59 Hand Cart
25:31 Town Watch
29:48 Imperial Age
27:43 Scale Barding Armor
28:22 Stone Shaft Mining
28:56 Ballistics
28:41 Town Patrol
29:04 Chain Barding Armor
29:34 Husbandry
29:45 Bloodlines
29:01 Light Cavalry
32:20 Chemistry
32:35 Plate Barding Armor
33:09 Conscription
32:20 Hussar
33:13 Forging
33:23 Double Crossbow
34:43 Iron Casting
34:35 Elite Ballista Elephant
35:41 Conscription
43:15 Blast Furnace
44:16 Fletching
44:26 Murder Holes
你顶住我发展
12:09 Feudal Age
16:26 Castle Age
15:10 Loom
18:17 Double-Bit Axe
21:06 Imperial Age
19:20 Bow Saw
19:38 Gold Mining
19:32 Horse Collar
20:24 Fletching
22:35 Bodkin Arrow
26:54 Ballistics
26:39 Padded Archer Armor
28:52 Wheelbarrow
28:45 Bracer
30:39 Two-Man Saw
29:46 Pikeman
30:26 Squires
33:33 Stone Mining
34:19 Gold Shaft Mining
34:14 Leather Archer Armor
35:44 Chemistry
36:26 Ring Archer Armor
37:09 Hand Cart
38:37 Elite Skirmisher
41:22 Fortified Wall
42:02 Yeomen
41:37 Town Watch
42:40 Conscription
43:42 Town Watch
snek_fan
9:46 Feudal Age
13:40 Castle Age
12:27 Double-Bit Axe
12:23 Horse Collar
16:42 Loom
20:09 Fortified Wall
21:14 Masonry
21:39 Gold Mining
24:39 Ballistics
24:34 Fletching
29:32 Imperial Age
27:56 Wheelbarrow
27:14 Town Watch
27:46 Stone Mining
29:37 Hand Cart
30:14 Bow Saw
30:05 Heavy Plow
31:30 Chemistry
31:44 Scale Mail Armor
31:41 Bodkin Arrow
31:56 Forging
33:24 Chain Mail Armor
32:52 Pikeman
34:01 Conscription
34:28 Iron Casting
33:59 Halberdier
36:55 Plate Mail Armor
38:51 Blast Furnace
39:56 Elite Woad Raider
44:48 Town Patrol
45:43 Hoardings
297539664
10:20 Feudal Age
11:17 Double-Bit Axe
14:08 Castle Age
12:14 Horse Collar
15:09 Bow Saw
15:24 Heavy Plow
22:35 Padded Archer Armor
22:25 Fletching
22:37 Crossbowman
24:21 Thumb Ring
26:11 Wheelbarrow
25:37 Gold Mining
26:37 Bodkin Arrow
26:57 Leather Archer Armor
28:45 Gold Shaft Mining
28:58 Hand Cart
31:24 Imperial Age
29:42 Ballistics
33:09 Chemistry
31:30 Arbalester
32:44 Ring Archer Armor
32:14 Bracer
41:53 Torsion Engines
JieX
10:02 Feudal Age
11:06 Double-Bit Axe
13:54 Castle Age
12:53 Horse Collar
14:59 Bow Saw
15:25 Heavy Plow
22:20 Gold Mining
22:58 Loom
27:44 Imperial Age
25:18 Fletching
26:56 Wheelbarrow
26:29 Bodkin Arrow
28:38 Wheelbarrow
28:18 Padded Archer Armor
28:13 Town Watch
28:45 Bracer
29:31 Thumb Ring
29:53 Ballistics
29:29 Elite Skirmisher
31:26 Chemistry
30:39 Elite Elephant Archer
33:35 Siege Elephant
35:00 Stone Mining
39:09 Fortified Wall
38:46 Elite Skirmisher
42:34 Leather Archer Armor
43:31 Conscription
43:23 Medical Corps
Colo-Colo
9:56 Feudal Age
10:33 Feudal Age
14:31 Castle Age
12:20 Double-Bit Axe
12:18 Horse Collar
17:28 Heavy Plow
18:13 Loom
22:48 Wheelbarrow
23:46 Bow Saw
25:29 Hand Cart
28:22 Imperial Age
26:10 Bloodlines
26:01 Husbandry
26:06 Husbandry
26:39 Scale Barding Armor
27:07 Forging
26:54 Gold Mining
26:55 Stone Mining
28:24 Chain Barding Armor
28:11 Stone Mining
28:59 Iron Casting
28:35 Cavalier
30:13 Plate Barding Armor
31:10 Masonry
32:49 Blast Furnace
32:31 Conscription
33:41 Hoardings
34:53 Two-Man Saw
34:25 Crop Rotation
34:17 Detinets
34:17 Fletching
34:00 Light Cavalry
36:30 Chemistry
36:16 Elite Boyar
37:29 Bodkin Arrow
39:50 Fortified Wall
40:01 Ballistics
Connection lost

Rejoining the realm…

Still unreachable

The connection could not be restored.

Session expired

The server has moved on; the page needs a fresh start.